 Dungeon Crawl Stone Soup version 0.30-a0-802-gb92711bcdf (webtiles) character file.

Game seed: 11250165893355786954

7119 BigDaddyOpFi the Fighter (level 10, 0/91 HPs)
             Began as a Red Draconian Fighter on Feb 24, 2023.
             Was a Believer of Wu Jian.
             Slain by a hellwing (4 damage)
             ... on level 8 of the Dungeon.
             The game lasted 00:11:37 (11969 turns).

BigDaddyOpFi the Fighter (Red Draconian Fighter)   Turns: 11969, Time: 00:11:38

Health: 0/91       AC:  9    Str: 22    XL:     10   Next: 85%
Magic:  10/10      EV: 14    Int:  9    God:    Wu Jian [**....]
Gold:   346        SH:  6    Dex: 11    Spells: 9/9 levels left

rFire   . . .      SeeInvis .    s - +2 hand axe (heavy)
rCold   + . .      Faith    .    b - +0 buckler
rNeg    . . .      Spirit   .    (body armour unavailable)
rPois   .          Reflect  .    (helmet restricted)
rElec   .          Harm     .    M - +0 cloak
rCorr   .          Rampage  +    (no gloves)
Will    .....                    H - +0 pair of boots {rampage}
Stlth   +                        (no amulet)
HPRegen 0.35/turn                y - ring of ice
MPRegen 0.12/turn                h - ring of wizardry

@: about to teleport
A: breathe fire, AC +7, unfitting armour, fire resistance 1, cold-blooded
a: Breathe Fire, Renounce Religion, Wall Jump


You were on level 8 of the Dungeon.
You worshipped Wu Jian.
Wu Jian was pleased with you.
You visited 2 branches of the dungeon, and saw 10 of its levels.
You also visited: Sewer and Ossuary.

You collected 556 gold pieces.
You spent 210 gold pieces at shops.

Inventory:

Hand Weapons
 a - a +0 war axe
 s - a +2 heavy hand axe (weapon)
Missiles
 d - 2 silver javelins
 u - 71 stones
Armour
 b - a +0 buckler (worn)
 H - a +0 pair of boots of rampaging (worn)
 M - a +0 cloak (worn)
Jewellery
 h - a ring of wizardry (right hand)
 y - a ring of ice (left hand)
Wands
 c - a wand of digging (2)
 m - a wand of flame (46)
 w - a wand of paralysis (11)
 C - a wand of mindburst (10) (quivered)
Scrolls
 i - 3 scrolls of poison
 n - 3 scrolls of fog
 p - a scroll of silence
 x - a scroll of vulnerability
 D - 2 scrolls of identify
 G - 2 scrolls of noise
 I - 2 scrolls of magic mapping
 K - a scroll of acquirement {unknown}
 L - a scroll of enchant armour {unknown}
Potions
 e - 2 potions of degeneration
 g - 5 potions of haste
 j - 2 potions of brilliance
 k - a potion of attraction {unknown}
 l - a potion of invisibility {unknown}
 o - 4 potions of magic
 q - a potion of cancellation {unknown}
 r - a potion of flight
 v - a potion of berserk rage {unknown}
 z - 2 potions of lignification
 A - 2 potions of might
 F - 2 potions of mutation {unknown}
 J - 2 potions of resistance {unknown}


   Skills:
 + Level 9.2 Fighting
 + Level 8.1 Axes
 + Level 7.7 Dodging
 + Level 8.4 Shields
 + Level 5.9 Evocations


You had 9 spell levels left.
You didn't know any spells.
Your spell library contained the following spells:

 Spells                   Type           Power      Damage    Failure   Level
 Slow                     Hex            0%         N/A       21%         1
 Confusing Touch          Hex            0%         N/A       50%         3
 Portal Projectile        Hex/Tloc       0%         N/A       50%         3
 Tukima's Dance           Hex            0%         N/A       50%         3
 Vampiric Draining        Necr           0%         2d6       50%         3
 Summon Ice Beast         Ice/Summ       0%         N/A       86%         4
 Blade Hands              Tmut           0%         N/A       99%         5
 Borgnjor's Vile Clutch   Necr/Erth      0%         N/A       99%         5
 Summon Mana Viper        Hex/Summ       0%         N/A       99%         5


Dungeon Overview and Level Annotations

Branches:
Dungeon (9/15)             Temple (1/1) D:5            Lair (0/5) D:9
  Sewer (visited)         Ossuary (visited)
    Orc: D:9-12

Altars:
Ashenzari
Cheibriados
Fedhas
Gozag
Hepliaklqana
Nemelex Xobeh
Okawaru
Sif Muna
Uskayaw
Vehumet
Wu Jian
Xom
Yredelemnul
Zin

Shops:
D:2 [   D:7 ?[[   D:8 !


Innate Abilities, Weirdness & Mutations

You can breathe blasts of fire.
Your fiery red scales are hard. (AC +7)
You cannot fit into any form of body armour.
Your flesh is heat resistant. (rF+)
You are cold-blooded and may be slowed by cold attacks.


Message History

The hellwing closely misses you. The hellwing barely misses you. x2
The hellwing hits you but does no damage.
The hellwing hits you! The hellwing closely misses you.
You climb upwards.
There is a stone staircase leading down here.
You closely miss the hellwing.
The hellwing is lightly wounded.
You hit the hellwing. You barely miss the hellwing.
The hellwing closely misses you. You block the hellwing's attack.
The hellwing closely misses you. You block the hellwing's attack.
The hellwing hits you. x2
You hit the hellwing.
The hellwing is lightly wounded.
You closely miss the hellwing. You hit the hellwing but do no damage.
The hellwing barely misses you. You block the hellwing's attack.
The hellwing closely misses you.
The hellwing hits you but does no damage.
The hellwing hits you!
The hellwing hits you but does no damage.
The hellwing hits you!
* * * LOW HITPOINT WARNING * * *
The hellwing hits you but does no damage.
The hellwing hits you.
* * * LOW HITPOINT WARNING * * *
You block the hellwing's attack. The hellwing barely misses you.
The hellwing closely misses you.
As you read the scroll of teleportation, it crumbles to dust.
You feel strangely unstable. You block the hellwing's attack.
The hellwing closely misses you. The hellwing hits you!
* * * LOW HITPOINT WARNING * * *
The hellwing hits you.
* * * LOW HITPOINT WARNING * * *
The hellwing hits you!
* * * LOW HITPOINT WARNING * * *
The hellwing closely misses you.
You feel better. The hellwing hits you!
* * * LOW HITPOINT WARNING * * *
The hellwing hits you but does no damage.
The hellwing hits you.
You die...

#.....# ##................
####### ##.....>..#........
#..#.#..###........
##.................#
########............#######
#..................##
#......#...........# #####
#.........44.......####....
#.........@4............###
#......##################
#......# #......# #......#
########


You could see 3 hellwings.

Vanquished Creatures
  A fire crab (D:9)
  Amaemon (D:8)
  A centaur zombie (D:9)
  An orange demon (D:8)
  2 centaur skeletons (D:9)
  Grinder (D:4)
  Sigmund (D:2)
  A wyvern (D:8)
  4 yaks (D:9)
  Eustachio (D:6)
  A steam dragon (D:7)
  Menkaure (D:4)
  2 acid dragons
  A water moccasin (D:7)
  A sky beast (D:7)
  An ice beast (D:5)
  6 ogres
  A centaur (D:9)
  A phantom (D:5)
  A kobold brigand (D:8)
  A necrophage (D:8)
  4 bullfrogs
  4 scorpions (D:5)
  4 wights (D:7)
  3 killer bees (D:7)
  4 howler monkeys
  2 jellies
  A gnoll bouda (D:8)
  7 orc priests
  A hound (D:5)
  A boggart zombie (D:9)
  4 iguanas
  4 orc wizards
  Natasha (twice) (D:4)
  A boggart skeleton (D:9)
  9 mummies
  Robin (D:2)
  5 gnolls
  8 river rats
  8 adders
  2 white imps
  An ufetubus (D:7)
  2 worms (D:3)
  A dart slug (D:4)
  25 orcs
  11 endoplasms
  3 giant cockroaches
  16 goblins
  7 hobgoblins
  2 jackals (D:3)
  6 quokkas
  8 ball pythons
  2 bats
  2 frilled lizards
  A gnoll zombie (Ossuary)
  A hobgoblin zombie (Ossuary)
  25 kobolds
  2 kobold zombies (Ossuary)
  4 orc zombies (Ossuary)
  27 rats
252 creatures vanquished.

Vanquished Creatures (others)
  Natasha (D:4)
1 creature vanquished.

Grand Total: 253 creatures vanquished

Notes
Turn   | Place    | Note
-------+----------+-------------------------------------------
     0 | D:1      | BigDaddyOpFi the Draconian Fighter began the quest for the
                  | Orb.
     0 | D:1      | Reached XP level 1. HP: 19/19 MP: 1/1
   553 | D:1      | Reached XP level 2. HP: 26/26 MP: 2/2
   630 | D:2      | Found Huacap's Armour Shop.
   847 | D:2      | Reached XP level 3. HP: 30/33 MP: 3/3
   880 | D:2      | Noticed Sigmund
   903 | D:2      | Killed Sigmund
   904 | D:2      | Reached skill level 4 in Fighting
   904 | D:2      | Reached XP level 4. HP: 24/41 MP: 4/4
   904 | D:2      | Reached XP level 5. HP: 28/47 MP: 5/5
  1006 | D:2      | Noticed Robin
  1012 | D:2      | Killed Robin
  1347 | D:3      | Found a glowing drain.
  1351 | Sewer    | Entered a sewer
  1650 | Sewer    | Reached XP level 6. HP: 48/53 MP: 6/6
  2370 | D:3      | Found an iron altar of Okawaru.
  2378 | D:3      | Reached skill level 5 in Fighting
  2592 | D:3      | Found an opulent altar of Gozag.
  3051 | D:4      | Noticed Natasha
  3051 | D:4      | Noticed Menkaure
  3056 | D:4      | Killed Menkaure
  3056 | D:4      | Killed Natasha
  3057 | D:4      | Your scales start taking on a fiery red colour.
  3057 | D:4      | Reached XP level 7. HP: 31/61 MP: 7/7
  3057 | D:4      | Gained mutation: Your flesh is heat resistant. (rF+) [Red
                  | Draconian growth]
  3205 | D:4      | Got the Incunabulum of the Morbid Familiar
  3235 | D:4      | Reached skill level 5 in Shields
  3308 | D:4      | Noticed Natasha
  3323 | D:4      | Killed Natasha
  3327 | D:4      | Noticed Natasha
  3339 | D:4      | Killed Natasha
  3795 | D:4      | Noticed Grinder
  3803 | D:4      | Paralysed by Grinder for 2 turns
  3811 | D:4      | Killed Grinder
  4110 | D:5      | Entered Level 5 of the Dungeon
  4115 | D:5      | Reached skill level 6 in Fighting
  4115 | D:5      | Reached skill level 5 in Axes
  4115 | D:5      | Reached skill level 5 in Dodging
  4115 | D:5      | Reached XP level 8. HP: 70/70 MP: 8/8
  4186 | D:5      | Found a staircase to the Ecumenical Temple.
  4248 | Temple   | Entered the Ecumenical Temple
  4294 | Temple   | Became a worshipper of the Wu Jian Council
  4664 | D:5      | Reached skill level 1 in Evocations
  5251 | D:6      | Reached skill level 7 in Fighting
  5253 | D:6      | Noticed Eustachio
  5290 | D:6      | Killed Eustachio
  5291 | D:6      | Reached XP level 9. HP: 23/79 MP: 9/9
  5904 | D:7      | Found Omaschuch's Antique Armour Shoppe.
  6171 | D:7      | Found a sand-covered staircase.
  6186 | Ossuary  | Entered an ossuary
  6199 | Ossuary  | Reached * piety under Wu Jian
  6763 | D:7      | Found Malig's Magic Scroll Emporium.
  6798 | D:7      | Found Yleass's Antique Armour Shoppe.
  6843 | D:7      | Bought a pair of embroidered boots for 210 gold pieces
  7053 | D:7      | Found a glowing silver altar of Zin.
  7445 | D:8      | Reached skill level 8 in Fighting
  7462 | D:8      | Reached ** piety under Wu Jian
  7820 | D:8      | Found Weistryhu's Distillery.
  7897 | D:8      | Noticed Amaemon
  7897 | D:8      | Noticed an orange demon
  7898 | D:8      | Found a snail-covered altar of Cheibriados.
  7906 | D:8      | Killed an orange demon
  7907 | D:8      | Reached XP level 10. HP: 61/88 MP: 10/10
  7914 | D:8      | Killed Amaemon
  9535 | D:9      | Found a hazy altar of Hepliaklqana.
  9554 | D:9      | Reached skill level 5 in Evocations
  9575 | D:9      | HP: 1/90 [acid dragon (7)]
 10742 | D:9      | Reached skill level 9 in Fighting
 10801 | D:9      | Found a staircase to the Lair.
 10801 | D:9      | Noticed a fire crab
 10897 | D:9      | HP: 3/91 [fire crab] (20)]
 11358 | D:9      | Killed a fire crab
 11968 | D:8      | HP: 1/91 [hellwing (9)]
 11969 | D:8      | Slain by a hellwing

Illustrated notes

Levels and vault maps discovered:
D:1:      dpeg_arrival_rooms_a, layout_basic
D:2:      layout_basic, serial_shops, shop, nicolae_underground_beach,
          uniq_sigmund, uniq_robin
D:3:      layout_loops_ring, old_standard_altar, okawaru_ov_weapons_minmay,
          gup_sewer_entry_bowl, minivault_24, nrook_mini_vaults,
          grunt_ministairs_7
D:4:      layout_rooms, lemuel_flame_loot_1, uniq_natasha, uniq_grinder,
          uniq_menkaure
D:5:      cheibrodos_barr_body, layout_rooms, temple_green
D:6:      layout_cave_pools, uniq_eustachio
D:7:      layout_rooms, zin_statuary, serial_shops, nicolae_shop_trees,
          shop_fountains, nicolae_inconvenience_store,
          nicolae_ossuary_entry_monument, minmay_misc_feat_rugged,
          feat_on_display
D:8:      layout_rooms, chei_slow_surprise, serial_shops,
          nicolae_shop_temple_entry_statues_fountains, uniq_amaemon
D:9:      layout_cave_pools, mainiacjoe_overflow_concentric_impassable,
          minmay_lair_entry_lava, chequers_serial_rivers_room_b,
          hellmonk_guarded_unrand_cigotuvi
Temple:   nicolae_temple_bog_church

Skill      XL: |  1  2  3  4  5  6  7  8  9 10 |
---------------+-------------------------------+-----
Dodging        | 3 4 5 6 7 |  7.7
Fighting       | 4 5 6 7 8 9 |  9.2
Axes           | 3 4 5 6 7 8 |  8.1
Shields        | 4 5 6 7 8 |  8.4
Evocations     | 2 4 5 |  5.9

Action                     |  1- 3 |  4- 6 |  7- 9 | 10-12 || total
---------------------------+-------+-------+-------+-------++-------
  Melee: War axe           |    50 |   199 |       |       ||   249
         Tailslap          |     4 |    23 |    33 |    22 ||    82
         Hand axe          |       |     3 |   228 |   114 ||   345
  Throw: Javelin           |       |       |       |     3 ||     3
Ability: Breathe Fire      |       |       |    28 |     4 ||    32
         Lunge             |       |       |     7 |       ||     7
         Whirlwind         |       |       |     2 |     5 ||     7
         Wall Jump         |       |       |       |     1 ||     1
  Evoke: Wand              |       |       |       |     4 ||     4
    Use: Potion            |     4 |     4 |     8 |     8 ||    24
         Scroll            |       |     2 |    13 |     4 ||    19
   Stab: Sleeping          |     2 |     3 |     2 |       ||     7
 Armour: Skin              |     7 |    63 |   105 |   132 ||   307
  Dodge: Dodged            |    32 |   152 |   209 |   178 ||   571
  Block: Buckler           |     8 |    60 |    86 |    78 ||   232

Table legend: (Time is in decaauts)
 A = Elapsed time spent in this place.
 B = Non-inter-level travel time spent in this place.
 C = Inter-level travel time spent in this place.
 D = Time resting spent in this place.
 E = Time spent auto-exploring this place.
 F = Levels seen in this place.
 G = Mean time per level.
                   A        B        C        D        E       F      G
               +--------+--------+--------+--------+--------+-----+--------+
         Total |  12229 |  12015 |    214 |   4294 |   5848 |  12 | 1019.1 |
       Dungeon |  10829 |  10634 |    195 |   4139 |   4907 |   9 | 1203.2 |
        Temple |     67 |     48 |     19 |      0 |     33 |   1 |   67.0 |
         Sewer |    989 |    989 |      0 |    155 |    637 |   1 |  989.0 |
       Ossuary |    343 |    343 |      0 |      0 |    270 |   1 |  343.0 |
               +--------+--------+--------+--------+--------+-----+--------+

Top non-repeatable levels by time:
     D:8: 3765 daAuts
     D:7: 1218 daAuts
     D:4: 1079 daAuts
     D:6: 1077 daAuts
   Sewer: 989 daAuts
     D:3: 880 daAuts
     D:9: 815 daAuts
     D:5: 689 daAuts
     D:2: 666 daAuts
     D:1: 634 daAuts
 Ossuary: 343 daAuts
  Temple: 67 daAuts
